 Dungeon Crawl Stone Soup version 0.27.0-1-g7a089689b8 (webtiles) character file.

Game seed: 7328041176681435055

32 Colgate the Covert (level 3, 0/22 HPs)
             Began as a Vampire Delver on Aug 15, 2021.
             Was an Initiate of Yredelemnul.
             Slain by an adder (2 damage)
             ... on level 4 of the Dungeon.
             The game lasted 00:06:24 (696 turns).

Colgate the Covert (Vampire Delver)                  Turns: 696, Time: 00:06:25

Health: 0/22       AC:  3    Str:  9 (11) XL:     3   Next: 10%
Magic:  3/3        EV: 11    Int: 11 (13) God:    Yredelemnul [......]
Gold:   9          SH:  0    Dex: 13 (15) Spells: 2/2 levels left

rFire    . . .     SeeInvis +   a - +0 short sword
rCold    + + .     Faith    .   (no shield)
rNeg     + + +     Spirit   .   b - +0 leather armour
rPois    ∞         Reflect  .   (no helmet)
rElec    .         Harm     .   (no cloak)
rCorr    .         Rampage  .   (no gloves)
Will     .....                  (no boots)
Stlth    ++++++....             (no amulet)
HPRegen  0.00/turn              (no ring)
MPRegen  0.08/turn              (no ring)

@: bloodless, inhibited regen
A: bloodless, fangs 3, see invisible, vampiric 2
a: Bat Form, Revivify, Renounce Religion


You were on level 4 of the Dungeon.
You worshipped Yredelemnul.
Yredelemnul was noncommittal.
You visited 2 branches of the dungeon, and saw 3 of its levels.

You collected 9 gold pieces.

Inventory:

Hand Weapons
 a - a +0 short sword (weapon)
Missiles
 j - 2 javelins (quivered)
Armour
 b - a +0 leather armour (worn)
 k - a +0 robe
Wands
 d - a wand of flame (19)
 g - a wand of digging (3)
Scrolls
 c - a scroll of fog
 i - a scroll of blinking {unknown}
Potions
 f - a potion of haste
 h - a potion of might {unknown}


   Skills:
 - Level 2.6 Fighting
 - Level 2.1 Short Blades
 - Level 2.1 Dodging
 + Level 8.8 Stealth


You had 2 spell levels left.
You didn't know any spells.
Your spell library was empty.

Dungeon Overview and Level Annotations

Branches:
Dungeon (5/15)             Temple (1/1) D:5

Altars:
Cheibriados
Elyvilon
Fedhas
Gozag
Hepliaklqana
Ru
Sif Muna
Wu Jian
Yredelemnul
The Shining One
Lugonu

Shops:
D:5 *

Portals:
Sewer: D:4


Innate Abilities, Weirdness & Mutations

You do not regenerate when monsters are visible.
You are frail without blood (-20% HP).
You can heal yourself when you bite living creatures.
You are immune to poison.
You have razor-sharp teeth.
You have supernaturally acute eyesight. (SInv)
You are afflicted with vampirism and can become a bat while bloodless.


Message History

The quokka bites you. The quokka bites you.
The quokka splashes around in the water.
The quokka barely misses you.
The quokka splashes around in the water.
The giant cockroach bites you.
The quokka bites you but does no damage.
A worm comes into view.
Your unstable footing causes you to fumble your attack.
The quokka bites you but does no damage.
The quokka barely misses you.
You barely miss the worm.
The quokka splashes around in the water.
The worm bites you!
* * * LOW HITPOINT WARNING * * *
You completely miss the worm.
The quokka splashes around in the water.
You barely miss the worm. The quokka barely misses you.
The worm bites you but does no damage.
You hit the worm but do no damage.
The quokka bites you but does no damage.
The worm closely misses you.
As you read the scroll of fear, it crumbles to dust.
You assume a fearsome visage.
The giant cockroach looks frightened!
The worm looks frightened!
The quokka looks frightened! x2
The orc wizard looks frightened!
The orc looks frightened!
Cornered, the giant cockroach turns to fight!
Your unstable footing causes you to fumble your attack.
An adder and a rat come into view.
Found a glowing drain.
Cornered, the worm turns to fight!
The giant cockroach bites you but does no damage.
The adder hisses angrily.
The adder bites you but does no damage. The rat bites you.
* * * LOW HITPOINT WARNING * * *
The adder closely misses you.
There is a glowing drain here.
The adder bites you.
You die...
Yredelemnul claims you as an undead slave.

### ### ##≈######≈##
#o≈o≈≈≈o≈≈≈#
#o≈≈####≈≈≈#
##r##≈≈##†##
#≈#≈@r≈#≈#
#≈#≈BS≈#≈# .. ...
##≈##≈≈##≈##.. ...
#r≈≈#≈w#≈≈≈#.#.o.# #
#≈≈≈≈≈≈#≈o≈#o#...#.#
##≈######≈##........
#### #.#.##.#..../.
#.#.#....#......
###.#.............


You could see a worm, an adder, a giant cockroach and a rat.

Vanquished Creatures
  A bullfrog zombie (D:5)
  A rat (D:4)
2 creatures vanquished.

Notes
Turn   | Place    | Note
-------+----------+-------------------------------------------
     0 | D:5      | Colgate the Vampire Delver began the quest for the Orb.
     0 | D:5      | Reached XP level 1. HP: 17/17 MP: 1/1
    12 | D:5      | Noticed a wight
    12 | D:5      | Noticed an ogre
    13 | D:5      | Noticed a wight
    42 | D:5      | Reached skill level 8 in Stealth
    42 | D:5      | Reached XP level 2. HP: 8/18 MP: 2/2
    42 | D:5      | Gained mutation: You are afflicted with vampirism and can
                  | become a bat while bloodless. [Vampire growth]
    42 | D:5      | Reached XP level 3. HP: 10/22 MP: 3/3
    45 | D:5      | Found Wojuf's Assorted Antiques.
   116 | D:5      | Found a staircase to the Ecumenical Temple.
   121 | Temple   | Entered the Ecumenical Temple
   393 | Temple   | Became a worshipper of Yredelemnul the Dark
   467 | D:4      | Found a hazy altar of Hepliaklqana.
   467 | D:4      | Found an opulent altar of Gozag.
   691 | D:4      | Found a glowing drain.
   696 | D:4      | Slain by an adder

Illustrated notes

Levels and vault maps discovered:
D:4:      layout_basic, gammafunk_temple_overflow_statue, kennysheep_mini,
          gup_sewer_entry_bubbles, patterned_corridor
D:5:      layout_basic, temple_statues, serial_shops, nicolae_diamond_shop,
          nicolae_shop_behind_doors, minmay_holes
Temple:   corrupted_temple

Skill      XL: |  1 |
---------------+----+-----
Stealth        | 8 |  8.8
Fighting       | |  2.6
Short Blades   | |  2.1
Dodging        | |  2.1

Action                   || total
-------------------------++-------
Melee: Short sword       ||    23
       Bite              ||     2
       Unarmed           ||     1
 Abil: Exsanguinate      ||     1
       End Transformatio ||     1
       Bat Form          ||     1
  Use: Scroll            ||     2
Armor: Leather armour    ||    12
Dodge: Dodged            ||    20
